 Dungeon Crawl Stone Soup version 0.23-a0-49-gd9f7a49 (webtiles) character file.

7 mopl the Insei (level 2, -10/21 HPs)
             Began as a Barachi Transmuter on Aug 6, 2018.
             Mangled by a gnoll
             ... wielding a +0 flail
              (13 damage)
             ... on level 1 of the Dungeon.
             The game lasted 00:01:05 (537 turns).

mopl the Insei (Barachi Transmuter)                  Turns: 537, Time: 00:01:07

Health: -10/21     AC:  2    Str: 11    XL:     2   Next: 0%
Magic:  1/5        EV: 12    Int: 13    God:
Gold:   41         SH:  0    Dex: 12    Spells: 2/5 levels left

rFire    . . .     SeeInvis .     - Unarmed
rCold    . . .     Gourm    .   (no shield)
rNeg     . . .     Faith    .   b - +0 robe
rPois    .         Spirit   .   (no helmet)
rElec    .         Reflect  .   (no cloak)
rCorr    .         Harm     .   (no gloves)
MR       .....                  (no boots)
Stlth    +.........             (no amulet)
HPRegen  0.07/turn              (no ring)
MPRegen  0.09/turn              (no ring)

@: slow
A: +LOS, swims, slowness 1, strong legs 1
a: Hop


You were on level 1 of the Dungeon.
You were not hungry.

You visited 1 branch of the dungeon, and saw 2 of its levels.

You collected 41 gold pieces.

Inventory:

Missiles
 a - 10 arrows
Armour
 b - a +0 robe (worn)
Potions
 c - a potion of invisibility {unknown}
Comestibles
 d - a ration


   Skills:
 - Level 1.2 Fighting
 - Level 2.1 Dodging
 + Level 3.4 Unarmed Combat
 + Level 2.3 Spellcasting
 + Level 2.4 Transmutations


You had 2 spell levels left.
You knew the following spells:

 Your Spells              Type           Power        Failure   Level  Hunger
a - Beastly Appendage     Tmut           #.....       9%          1    #......
w - Sticks to Snakes      Tmut           #.......     13%         2    ###....

Your spell library contained the following spells:

 Spells                   Type           Power        Failure   Level  Hunger
 Spider Form              Tmut/Pois      #.........   41%         3    ###....
 Blade Hands              Tmut           #.........   94%         5    ######.
 Ice Form                 Ice/Tmut       #.......     82%         4    #####..


Dungeon Overview and Level Annotations

Branches:
Dungeon (2/15)

Altars:


Innate Abilities, Weirdness & Mutations

Shadows flee at your approach. (+LOS)
You can swim through water.
You cover ground slowly.
You can hop short distances.


Message History

The bat hits you.
* * * LOW HITPOINT WARNING * * *
The bat barely misses you.
Your ball python bites the gnoll but does no damage.
Your ball python closely misses the gnoll.
The gnoll misses you.
You hit the gnoll.
The gnoll is heavily wounded.
The bat barely misses you. The bat misses you.
Your ball python bites the gnoll but does no damage.
Your ball python grabs the gnoll.
Your ball python constricts the gnoll.
Unknown command.
You hit the gnoll but do no damage.
The gnoll is heavily wounded.
Your horns disappear.
The bat closely misses you.
Your ball python bites the gnoll but does no damage.
Your ball python constricts the gnoll.
The gnoll hits you with a flail!
Ouch! That really hurt!
You die...

#.# #.# #.# #.# #.# #########.#
#......S..# #.....g>.##
#.....@b.######.#
###...............#
..#........######... #.#........#
#.#........# .########.#.###.####
........#.#.###.# ###############
............(...###.##......##...
#######.##########.#...###.....#.


You could see a gnoll, a bat and a friendly ball python.

Vanquished Creatures
  2 bats
  A goblin (D:1)
  A hobgoblin (D:1)
  A ball python (D:1)
  A kobold (D:1)
6 creatures vanquished.

Notes
Turn   | Place    | Note
-------+----------+-------------------------------------------
     0 | D:1      | mopl the Barachi Transmuter began the quest for the Orb.
     0 | D:1      | Reached XP level 1. HP: 15/15 MP: 3/3
   493 | D:2      | Reached XP level 2. HP: 18/21 MP: 5/5
   497 | D:2      | Learned a level 2 spell: Sticks to Snakes
   537 | D:1      | Mangled by a gnoll

Vault maps used:
D:1:      dpeg_arrival_erosion
D:2:      fiery_altar_vehumet, first_ration

Action                   || total
-------------------------++-------
Melee: Unarmed           ||    32
       Headbutt          ||     3
       Kick              ||     2
       Punch             ||     2
 Cast: Beastly Appendage ||     6
       Sticks to Snakes  ||     2
 Abil: End Transformatio ||     1
       Hop               ||     1
Armor: Robe              ||    21
Dodge: Dodged            ||    45

Table legend:
 A = Spawn XP
 B = Non-spawn XP
 C = Spawn XP percentage of total XP
 D = Spawn monster count
 E = Non-spawn monster count
 F = Spawn count percentage of total count
 G = Total turns spent on level
                    A         B        C        D         E        F      G
               +---------+---------+-------+---------+---------+-------+---------
         Total |       0 |      10 |   0.0 |       0 |       6 |   0.0 |   537
               +---------+---------+-------+---------+---------+-------+---------
           D:1 |       0 |       8 |   0.0 |       0 |       5 |   0.0 |   269
           D:2 |       0 |       2 |   0.0 |       0 |       1 |   0.0 |   268
               +---------+---------+-------+---------+---------+-------+---------
